[Event "Titled Tuesday Blitz October 11 Late 2022"]
[White "Zochowski, Kacper"]
[Black "Ovezdurdyyeva, Jemal"]
[WhiteFideId "1125494"]
[BlackFideId "14001888"]
[WhiteElo "2292"]
[BlackElo "1961"]
[Result "1-0"]
[Round "04"]
[TimeControl "180+1"]
[Date "2022.10.12"]
[WhiteClock "0:00:04"]
[BlackClock "0:00:02"]

1. Nf3 Nf6 2. c4 e6 3. g3 d5 4. Bg2 Be7 5. O-O c6 6. b3 O-O 7. Bb2 Qb6 8. d3 Nbd7 9. Qc2 Re8 10. Nc3 Bd6 11. d4 dxc4 12. bxc4 Bb8 13. e4 Qb4 14. e5 Nh5 15. Ne4 f5 16. exf6 Ndxf6 17. Nfg5 h6 18. Nxf6+ Nxf6 19. Nf3 c5 20. Rab1 Qa5 21. Bc3 Qa6 22. Ne5 Bxe5 23. dxe5 Nd7 24. Qg6 Re7 25. Be4 Nf8 26. Qg4 Rb8 27. Bd2 Kh8 28. Qf3 Bd7 29. Rxb7 Rd8 30. Rfb1 Qxa2 31. Qc3 Bc6 32. R7b2 Qa6 33. Bxc6 Qxc6 34. Be3 Red7 35. Rd2 Ng6 36. Rbd1 Ne7 37. Rd6 Qc7 38. Qa3 Nf5 39. Rxd7 Rxd7 40. Rxd7 Qxd7 41. Qxc5 Qd1+ 42. Kg2 Qd3 43. Qc8+ Kh7 44. Bxa7 Qe4+ 45. Kf1 Qxe5 46. Qa6 Qa1+ 47. Qxa1 Ne3+ 48. fxe3 1-0


[Site "https://www.chess.com"]

[Event "Titled Tuesday Blitz October 11 Late 2022"]
[White "Zomorrodian, Eilia"]
[Black "Dzierzak, Radoslaw"]
[WhiteFideId "12551805"]
[BlackFideId "1161407"]
[WhiteElo "2078"]
[BlackElo "2111"]
[Result "1-0"]
[Round "04"]
[TimeControl "180+1"]
[Date "2022.10.12"]
[WhiteClock "0:00:32"]
[BlackClock "0:00:09"]

1. c4 Nf6 2. g3 e6 3. Bg2 d5 4. cxd5 exd5 5. Nf3 Be7 6. O-O O-O 7. d3 c6 8. a3 Re8 9. b4 a5 10. bxa5 Qxa5 11. Bb2 Bf5 12. Nbd2 Nbd7 13. Nh4 Bg4 14. h3 Bh5 15. g4 Bg6 16. Nxg6 hxg6 17. Nf3 Qa4 18. Qb1 Bd6 19. Re1 Nc5 20. Bxf6 gxf6 21. Qb2 Be7 22. Qb4 Ra7 23. Reb1 b5 24. Nd4 Rc8 25. Qc3 Ne6 26. Nxb5 Raa8 27. e3 cxb5 28. Qb2 Bxa3 29. Qe2 Qa6 30. Bxd5 Rab8 31. Rxa3 Qxa3 32. Bxe6 fxe6 33. Qf3 Qe7 34. g5 Kg7 35. Qe4 f5 36. Qe5+ Kg8 37. h4 Rc5 38. Qxb8+ Kg7 39. Rxb5 Rxb5 40. Qxb5 Qd6 41. Qb2+ e5 42. d4 exd4 43. Qxd4+ Qxd4 44. exd4 Kf7 45. f4 Ke6 46. Kf2 Kd5 47. Ke3 Kc4 48. h5 gxh5 49. g6 h4 50. g7 h3 51. g8=Q+ 1-0


[Site "https://www.chess.com"]

[Event "Titled Tuesday Blitz October 11 Late 2022"]
[White "Aarav Dengla"]
[Black "Thomforde-Toates, Noah"]
[WhiteFideId "45059756"]
[BlackFideId "30951992"]
[WhiteElo "2257"]
[BlackElo "2694"]
[Result "1-0"]
[Round "05"]
[TimeControl "180+1"]
[Date "2022.10.12"]
[WhiteClock "0:00:26"]
[BlackClock "0:00:09"]

1. e4 c5 2. Nf3 g6 3. d4 cxd4 4. Nxd4 Bg7 5. Nc3 Nc6 6. Be3 Nf6 7. Bc4 O-O 8. f3 a5 9. Qd2 d6 10. O-O-O Nxd4 11. Bxd4 Be6 12. Bxe6 fxe6 13. h4 Qe8 14. Ne2 Qa4 15. Kb1 Rfc8 16. h5 Nxh5 17. Bxg7 Nxg7 18. Nc3 Qb4 19. Kc1 Rxc3 20. Qxc3 Qxc3 21. bxc3 e5 22. Kd2 Ne6 23. Rb1 Nc5 24. g4 Rf8 25. Rh3 Kg7 26. Rb5 a4 27. Ke3 Rh8 28. Rb1 h6 29. a3 Kf6 30. Rf1 Kg5 31. f4+ exf4+ 32. Rxf4 Ne6 33. Rf7 Rc8 34. Kd2 Rc7 35. Rh7 Nc5 36. Re3 Kf4 37. Ke2 Ke5 38. Rxh6 Nxe4 39. Rxg6 Kf4 40. Re6 Nxc3+ 41. Kd2 Nd5 42. R3e4+ Kg3 43. g5 b5 44. g6 b4 45. g7 Rc8 46. Rg6+ Kf3 47. g8=Q Rxg8 48. Rxg8 Kxe4 49. axb4 a3 50. b5 Nb6 51. Kc3 Kd5 52. Kb3 Kc5 53. Rg5+ e5 54. Rg6 Kxb5 55. Rxd6 Kc5 56. Re6 Nc4 57. Re8 Nd2+ 58. Kxa3 Nc4+ 59. Kb3 Nd2+ 60. Kc3 Ne4+ 61. Kd3 Nd6 62. Rxe5+ Kc6 63. c4 Nb7 64. Rh5 Nc5+ 65. Kd4 Ne6+ 66. Kc3 Nc5 67. Rh6+ Kc7 68. Kb4 Nd3+ 69. Kb5 Nf4 70. Rh7+ Kd6 71. c5+ Ke6 72. c6 Nd5 73. c7 Nxc7+ 74. Rxc7 Kd6 75. Rc6+ 1-0


[Site "https://www.chess.com"]

[Event "Titled Tuesday Blitz October 11 Late 2022"]
[White "Adury, Anant"]
[Black "Principe, Gerson"]
[WhiteFideId "30964687"]
[BlackFideId "3804550"]
[WhiteElo "2322"]
[BlackElo "2280"]
[Result "0-1"]
[Round "05"]
[TimeControl "180+1"]
[Date "2022.10.12"]
[WhiteClock "0:00:10"]
[BlackClock "0:00:14"]

1. d4 Nf6 2. c4 e6 3. Nf3 b6 4. g3 Bb7 5. Bg2 Be7 6. O-O O-O 7. Nc3 Ne4 8. Nxe4 Bxe4 9. b3 f5 10. Bb2 Bf6 11. e3 d6 12. Nd2 Bxg2 13. Kxg2 Nd7 14. Qc2 Qe7 15. e4 f4 16. g4 e5 17. d5 h5 18. h3 g6 19. f3 Bh4 20. b4 a5 21. a3 Bg3 22. Rh1 Qh4 23. Qa4 Rf7 24. Qc6 Raf8 25. Qxc7 Qe7 26. Nb3 a4 27. Nd2 Kg7 28. Rac1 Rh8 29. Nb1 Qh4 30. Rcf1 Be1 31. Rh2 Qg3+ 32. Kh1 hxg4 33. Qxd6 Rxh3 34. Bxe5+ Kh7 35. Rxh3+ Qxh3+ 36. Kg1 Bg3 37. Rf2 Bxf2+ 38. Kxf2 Qxf3+ 39. Kg1 g3 40. Bd4 Qd1+ 41. Kg2 Qxd4 42. Qe6 Qf6 43. Qh3+ Kg7 0-1


[Site "https://www.chess.com"]

[Event "Titled Tuesday Blitz October 11 Late 2022"]
[White "Alexikov, Alexander"]
[Black "Migot, Tangi"]
[WhiteFideId "14103958"]
[BlackFideId "662445"]
[WhiteElo "2222"]
[BlackElo "2488"]
[Result "0-1"]
[Round "05"]
[TimeControl "180+1"]
[Date "2022.10.12"]
[WhiteClock "0:00:08"]
[BlackClock "0:00:21"]

1. e4 c5 2. Nf3 Nc6 3. Bb5 e6 4. Nc3 Nge7 5. O-O Nd4 6. Ba4 Nec6 7. Nxd4 cxd4 8. Ne2 Bc5 9. d3 O-O 10. Kh1 d6 11. f4 f5 12. Ng3 Ne7 13. Bb3 Kh8 14. Bd2 a5 15. a4 Bd7 16. Qe2 Rf6 17. Rae1 b6 18. e5 dxe5 19. Qxe5 Nc6 20. Qe2 Qe8 21. Qf2 Qf8 22. Re2 Re8 23. Rfe1 Bd6 24. c3 e5 25. fxe5 Bxe5 26. Bf4 Bxf4 27. Qxf4 Rxe2 28. Rxe2 dxc3 29. bxc3 g6 30. h4 Qd6 31. Qxd6 Rxd6 32. d4 Kg7 33. Nf1 Kf6 34. Nd2 Be6 35. Bxe6 Rxe6 36. Rxe6+ Kxe6 37. Nc4 Kd5 38. Nxb6+ Ke4 39. d5 Ne5 40. d6 Kd3 41. c4 Kd4 42. d7 Nc6 43. h5 Kc5 44. Nd5 gxh5 45. Ne7 Nd8 46. Nxf5 Kxc4 47. Kh2 Kb4 48. Kg3 Kxa4 49. Kf4 Kb3 50. Ke5 a4 51. Kd6 a3 52. Nd4+ Kb2 53. Ne6 Nf7+ 54. Ke7 Ne5 55. Nc5 Nxd7 56. Kxd7 a2 57. Nd3+ Kb1 58. Nf4 a1=Q 59. Ke6 Qg7 60. Kf5 Qg4+ 61. Ke5 Qg5+ 62. Ke4 h4 63. Kf3 Qf5 64. Ke3 Qg4 65. Ke4 Kc2 66. Ke5 Kd2 67. Ke4 h6 68. Ke5 Ke3 69. Nd5+ Kf2 70. Nf4 Kg3 0-1


[Site "https://www.chess.com"]

[Event "Titled Tuesday Blitz October 11 Late 2022"]
[White "Andreikin, Dmitry"]
[Black "Vazquez, Guillermo"]
[WhiteFideId "4158814"]
[BlackFideId "3702308"]
[WhiteElo "2736"]
[BlackElo "2543"]
[Result "0-1"]
[Round "05"]
[TimeControl "180+1"]
[Date "2022.10.11"]
[WhiteClock "0:00:02"]
[BlackClock "0:00:02"]

1. Nf3 d5 2. g3 Nc6 3. d4 Bf5 4. c4 e6 5. Bg2 Nb4 6. O-O Nc2 7. Nh4 Nxa1 8. Nxf5 exf5 9. Nc3 Qd7 10. cxd5 Bb4 11. e4 Ne7 12. Bg5 fxe4 13. Nxe4 O-O 14. Nc5 Bxc5 15. dxc5 h6 16. Bf4 Rad8 17. d6 cxd6 18. Bxd6 Nc8 19. Qxa1 Nxd6 20. cxd6 Qxd6 21. Bxb7 Qb6 22. Bf3 Rd2 23. b3 Rc8 24. Qe5 Rxa2 25. Bd5 Qf6 26. Qxf6 gxf6 27. Kg2 Rcc2 28. g4 Rd2 29. Bc4 a5 30. Kg3 Rac2 31. f3 Rxh2 32. Ra1 Ra2 33. Re1 Kf8 34. Re4 h5 35. Rd4 hxg4 36. Rd7 Rhg2+ 37. Kf4 gxf3 38. Rxf7+ Ke8 39. Kxf3 Rgf2+ 40. Ke3 a4 41. Rb7 a3 42. b4 Rac2 43. Bb5+ Kf8 44. Ra7 a2 45. Ke4 Rb2 46. Kd5 Rb1 47. Ke6 a1=Q 48. Rf7+ Kg8 49. Bc4 Re1+ 50. Kd7 Qd4+ 0-1


[Site "https://www.chess.com"]

[Event "Titled Tuesday Blitz October 11 Late 2022"]
[White "Arnold, Ken"]
[Black "Golubev, Mikhail"]
[WhiteFideId "2056836"]
[BlackFideId "14100983"]
[WhiteElo "2346"]
[BlackElo "2374"]
[Result "1-0"]
[Round "05"]
[TimeControl "180+1"]
[Date "2022.10.12"]
[WhiteClock "0:00:05"]
[BlackClock "0:00:01"]

1. d4 g6 2. c4 Bg7 3. Nc3 d6 4. Nf3 Nf6 5. Bf4 O-O 6. e3 c5 7. d5 Nh5 8. Bg3 a6 9. Qb3 b5 10. cxb5 Nxg3 11. hxg3 Nd7 12. a4 Qa5 13. Bc4 axb5 14. Bxb5 Qb4 15. Qxb4 cxb4 16. Nd1 Nc5 17. Rh4 Ba6 18. Rxb4 Rfb8 19. Ra3 Bxb5 20. Rxb5 Rxb5 21. axb5 Rb8 22. Nc3 Nd3+ 23. Ke2 Nxb2 24. Rb3 Bxc3 25. Rxc3 Rxb5 26. Rc8+ Kg7 27. e4 Kf6 28. Rc7 Na4 29. Nd2 Rb2 30. f4 Nc5 31. Ke3 Ra2 32. e5+ Kf5 33. exd6 exd6 34. Rxf7+ Kg4 35. Rxh7 Kxg3 36. Rg7 Kxg2 37. Rxg6+ Kh3 38. Rxd6 Ra3+ 39. Ke2 Ra2 40. Rg6 Ne4 41. d6 Rxd2+ 42. Ke3 Rxd6 43. Rxd6 1-0


[Site "https://www.chess.com"]

[Event "Titled Tuesday Blitz October 11 Late 2022"]
[White "Averjanov, Alexey"]
[Black "Mickiewicz, Piotr"]
[WhiteFideId "14109867"]
[BlackFideId "1114891"]
[WhiteElo "2655"]
[BlackElo "2246"]
[Result "1-0"]
[Round "05"]
[TimeControl "180+1"]
[Date "2022.10.12"]
[WhiteClock "0:00:18"]
[BlackClock "0:00:03"]

1. d4 Nf6 2. c4 e6 3. Nf3 Bb4+ 4. Nbd2 d5 5. Qc2 O-O 6. g3 b6 7. Bg2 Bb7 8. O-O Nbd7 9. b3 c5 10. Bb2 cxd4 11. Nxd4 Rc8 12. Rac1 Qe7 13. Rfd1 dxc4 14. Bxb7 cxb3 15. Qxc8 Rxc8 16. Rxc8+ Nf8 17. Bf3 Qd7 18. Rc4 Bxd2 19. Rxd2 bxa2 20. Rc1 e5 21. Nb3 Qb5 22. Na1 e4 23. Bg2 h5 24. Bxf6 gxf6 25. Rxa2 f5 26. e3 a5 27. Bf1 Qe5 28. h4 Ne6 29. Nc2 Nc5 30. Nd4 a4 31. Rb1 Qf6 32. Rab2 Nd7 33. Bb5 a3 34. Ra2 Ne5 35. Rxa3 f4 36. exf4 Ng4 37. Ra8+ Kg7 38. Nc2 Qc3 39. Ra2 Nxf2 40. Kxf2 Qf3+ 41. Ke1 Qxg3+ 42. Kd2 Qxf4+ 43. Kc3 Qe5+ 44. Nd4 Qc5+ 45. Bc4 Qxd4+ 46. Kxd4 Kf6 47. Rxb6+ Ke7 48. Ra7+ Kf8 49. Rxf7+ Ke8 50. Rb8# 1-0


[Site "https://www.chess.com"]

[Event "Titled Tuesday Blitz October 11 Late 2022"]
[White "Balkum, Alexander"]
[Black "Potula, Kapish"]
[WhiteFideId "2005069"]
[BlackFideId "30903270"]
[WhiteElo "2350"]
[BlackElo "1962"]
[Result "0-1"]
[Round "05"]
[TimeControl "180+1"]
[Date "2022.10.12"]
[WhiteClock "0:00:10"]
[BlackClock "0:00:06"]

1. e4 e6 2. d4 d5 3. Nc3 Nf6 4. Bg5 Be7 5. e5 Nfd7 6. Bxe7 Qxe7 7. f4 a6 8. Nf3 c5 9. dxc5 Nc6 10. Qd2 Qxc5 11. O-O-O b5 12. Bd3 O-O 13. Bxh7+ Kxh7 14. Ng5+ Kg8 15. Qd3 Re8 16. Qh7+ Kf8 17. Qh8+ Ke7 18. Qxg7 Rf8 19. Nxe6 Kxe6 20. Nxd5 Nb4 21. f5+ Kxf5 22. Rhf1+ Ke6 23. Rf6+ Nxf6 24. Qxf6+ Kd7 25. Nb6+ Kc7 26. Nxa8+ Kb7 27. c3 Kxa8 28. Kb1 Bb7 29. cxb4 Be4+ 30. Ka1 Qc6 31. Qxc6+ Bxc6 32. g4 Kb7 33. h4 Bf3 34. g5 Bxd1 35. Kb1 Bh5 36. Kc1 Bg6 37. Kd2 Rh8 38. Ke3 Rxh4 39. Kf3 Rh5 40. Ke3 Kc6 41. Kf2 Kd5 42. Ke3 Kxe5 43. Kf2 Kf5 0-1


[Site "https://www.chess.com"]

[Event "Titled Tuesday Blitz October 11 Late 2022"]
[White "Baltaci, Ismail Tarik"]
[Black "Souleidis, Georgios"]
[WhiteFideId "6365213"]
[BlackFideId "4206827"]
[WhiteElo "2341"]
[BlackElo "2401"]
[Result "1-0"]
[Round "05"]
[TimeControl "180+1"]
[Date "2022.10.12"]
[WhiteClock "0:00:09"]
[BlackClock "0:00:01"]

1. e4 c6 2. d4 d5 3. exd5 cxd5 4. Bd3 Nf6 5. c3 Bg4 6. Qb3 Qc7 7. Ne2 Bxe2 8. Bxe2 e6 9. O-O Bd6 10. g3 h5 11. Na3 a6 12. Bg5 Ne4 13. Be3 h4 14. g4 Bxh2+ 15. Kh1 Nd7 16. c4 Bf4 17. cxd5 Bxe3 18. Qxe3 exd5 19. f3 Qg3 20. Nc2 Rc8 21. Bd3 Kf8 22. Rae1 Qh3+ 23. Kg1 Qg3+ 24. Kh1 Nef6 25. Re2 Re8 26. Qd2 Rxe2 27. Qxe2 Qh3+ 28. Kg1 Qg3+ 29. Qg2 Qxg2+ 30. Kxg2 Ke7 31. Re1+ Kd6 32. Ne3 g6 33. Kh3 Ne8 34. g5 Nc7 35. Ng4 Ne6 36. Ne5 Nxe5 37. dxe5+ Kc5 38. Kg4 Kd4 39. Bc2 h3 40. Rh1 h2 41. f4 Ke3 42. b4 Nd4 43. Bb3 Nxb3 44. axb3 d4 45. Kg3 d3 46. f5 gxf5 47. g6 fxg6 48. e6 d2 49. e7 Ke2 50. Rxh2+ Rxh2 51. e8=Q+ Kf1 52. Kxh2 d1=Q 53. Qxg6 Qe2+ 54. Kh3 1-0


[Site "https://www.chess.com"]

[Event "Titled Tuesday Blitz October 11 Late 2022"]
[White "Banzea, Alexandru-Bogdan"]
[Black "Vujcic, Milena"]
[WhiteFideId "1232622"]
[BlackFideId "954748"]
[WhiteElo "2294"]
[BlackElo "1931"]
[Result "1-0"]
[Round "05"]
[TimeControl "180+1"]
[Date "2022.10.12"]
[WhiteClock "0:01:02"]
[BlackClock "0:00:11"]

1. d4 Nf6 2. Bf4 d5 3. Nf3 c5 4. e3 Nc6 5. Nbd2 Qb6 6. dxc5 Qxc5 7. a3 Bf5 8. c4 Nh5 9. Bg5 h6 10. Bh4 g5 11. cxd5 Qxd5 12. Bc4 Qc5 13. Rc1 Qb6 14. Nd4 Nxd4 15. exd4 Nf4 16. Qf3 Qxd4 17. Qxb7 Rd8 18. O-O Bg7 19. Bb5+ Bd7 20. Nf3 Qd3 21. Bxd3 1-0


[Site "https://www.chess.com"]

[Event "Titled Tuesday Blitz October 11 Late 2022"]
[White "Barash, Anton"]
[Black "Nozdrachev, Leonid"]
[WhiteFideId "30935229"]
[BlackFideId "24113433"]
[WhiteElo "2294"]
[BlackElo "2249"]
[Result "0-1"]
[Round "05"]
[TimeControl "180+1"]
[Date "2022.10.12"]
[WhiteClock "0:00:53"]
[BlackClock "0:01:00"]

1. e4 c5 2. Nf3 Nc6 3. d4 cxd4 4. Nxd4 Nf6 5. Nc3 e5 6. Ndb5 d6 7. Bg5 a6 8. Na3 b5 9. Nd5 Be7 10. Bxf6 Bxf6 11. c3 Bg5 12. Nc2 O-O 13. a4 Rb8 14. axb5 axb5 15. Bd3 Be6 16. Ncb4 Bxd5 17. Nxd5 Ne7 18. h4 Nxd5 19. exd5 Bh6 20. Qh5 e4 21. Bc2 Qf6 22. O-O Rfe8 23. Ra7 e3 24. Qe2 exf2+ 25. Rxf2 Rxe2 26. Rxf6 gxf6 0-1


[Site "https://www.chess.com"]

[Event "Titled Tuesday Blitz October 11 Late 2022"]
[White "Baskakov, Egor"]
[Black "Bluebaum, Matthias"]
[WhiteFideId "24197866"]
[BlackFideId "24651516"]
[WhiteElo "2211"]
[BlackElo "2633"]
[Result "0-1"]
[Round "05"]
[TimeControl "180+1"]
[Date "2022.10.11"]
[WhiteClock "0:00:02"]
[BlackClock "0:00:06"]

1. e4 e6 2. Nc3 d5 3. g3 dxe4 4. Nxe4 Bd7 5. Bg2 Bc6 6. f3 Nf6 7. d4 Be7 8. Ne2 O-O 9. O-O b6 10. c4 Bb7 11. Bf4 Nbd7 12. Qc2 c5 13. Nxf6+ Bxf6 14. dxc5 Nxc5 15. Rad1 Qc8 16. Bd6 Rd8 17. Nc3 Qc6 18. Bf4 h6 19. Be3 Rac8 20. Nb5 Ra8 21. Rxd8+ Bxd8 22. f4 Qxg2+ 23. Qxg2 Bxg2 24. Kxg2 a6 25. Nd6 Be7 26. Bxc5 bxc5 27. Ne4 Rd8 28. Rf2 Rd4 29. Nd2 f5 30. b3 Bf6 31. Nf3 Rd1 32. Rd2 Ra1 33. h3 g5 34. Ng1 Kf7 35. Ne2 Ke7 36. Kf3 a5 37. g4 fxg4+ 38. Kxg4 gxf4 39. Nxf4 Bg5 40. Rf2 Rg1+ 41. Ng2 e5 42. h4 Be3 43. Re2 Bd4 44. Kh5 Kf6 45. Kxh6 Kf5 46. h5 Kg4 47. Ne1 Rh1 48. Kg6 Kf4 49. h6 e4 50. h7 Rg1+ 51. Kh6 Rh1+ 52. Kg6 Rg1+ 53. Kh6 e3 54. Nc2 Rh1+ 55. Kg6 Kf3 56. Re1 Rh4 57. Rf1+ Ke2 58. Rf8 Kd2 0-1


[Site "https://www.chess.com"]

[Event "Titled Tuesday Blitz October 11 Late 2022"]
[White "Bernadskiy, Vitaliy"]
[Black "Koellner, Ruben Gideon"]
[WhiteFideId "14100371"]
[BlackFideId "12993093"]
[WhiteElo "2473"]
[BlackElo "2303"]
[Result "1-0"]
[Round "05"]
[TimeControl "180+1"]
[Date "2022.10.11"]
[WhiteClock "0:00:07"]
[BlackClock "0:00:01"]

1. d4 d6 2. Nf3 Nf6 3. Nc3 Nbd7 4. e4 e5 5. h3 c6 6. a4 Be7 7. Be3 h6 8. Bc4 Qc7 9. Qd2 Nf8 10. O-O-O Ng6 11. g4 Nh7 12. Kb1 a6 13. Bb3 b5 14. Rhg1 Rb8 15. Rg3 bxa4 16. Bxa4 Bd7 17. Qd3 a5 18. dxe5 dxe5 19. Qc4 O-O 20. Nd5 Qd6 21. Nxe7+ Qxe7 22. Bc5 Qe8 23. Bxf8 Nhxf8 24. Qc3 Rb4 25. Bb3 Rxe4 26. Rgg1 a4 27. Bc4 Be6 28. Bxe6 Qxe6 29. Rge1 Rxe1 30. Rxe1 f6 31. Nd2 Nf4 32. Re4 Qd5 33. h4 N8e6 34. g5 hxg5 35. hxg5 Nxg5 36. Rxa4 Qh1+ 37. Ka2 Kh7 38. Rc4 Qd5 39. b3 Nge6 40. Ne4 c5 41. Nxc5 Qa8+ 42. Kb2 Nd4 43. Nd3 Nfe2 44. Qe1 Qg2 45. f4 e4 46. Qh4+ Kg6 47. f5+ 1-0


[Site "https://www.chess.com"]

[Event "Titled Tuesday Blitz October 11 Late 2022"]
[White "Besedes, Danilo"]
[Black "Leiva, Gianmarco"]
[WhiteFideId "946796"]
[BlackFideId "3804399"]
[WhiteElo "2352"]
[BlackElo "2285"]
[Result "0-1"]
[Round "05"]
[TimeControl "180+1"]
[Date "2022.10.12"]
[WhiteClock "0:00:09"]
[BlackClock "0:00:06"]

1. d4 Nf6 2. Nf3 d5 3. Bf4 c6 4. c3 Bf5 5. Qb3 Qc8 6. Nbd2 e6 7. e3 Nh5 8. Bg5 h6 9. Bh4 Nd7 10. Be2 g5 11. Bg3 Nxg3 12. hxg3 Bg7 13. Bd1 c5 14. Be2 c4 15. Qa3 Qc7 16. Nh2 b5 17. b3 a5 18. Qb2 a4 19. b4 a3 20. Qc1 Kd8 21. Bd1 Kc8 22. Bc2 Bd3 23. Qb1 Bxc2 24. Qxc2 Kb7 25. O-O-O Nb6 26. Rde1 f5 27. g4 Rhf8 28. gxf5 exf5 29. Nhf3 Rae8 30. Qd1 Na4 31. Qc2 Nb2 32. Ref1 Qd6 33. Nb1 Nd3+ 34. Kd1 Qa6 35. Ne1 Nb2+ 36. Kc1 Rf7 37. Nxa3 Nd3+ 38. Nxd3 Qxa3+ 39. Qb2 Ra8 40. Qxa3 Rxa3 41. Nb2 Rxc3+ 42. Kb1 Ra3 43. Rc1 Kb6 44. Rc2 Rfa7 45. Nd1 R7a4 46. Rb2 Ra7 47. Rc2 R7a4 48. Rb2 Rd3 49. Kc1 Kc7 50. Kc2 Raa3 51. Re1 Kd7 52. Re2 Ke7 53. Rd2 Rxd2+ 54. Kxd2 f4 55. Nc3 fxe3+ 56. fxe3 Ke6 57. Nxb5 Ra4 58. Nc3 Ra8 59. a4 Kd6 60. b5 Bf6 61. b6 Bd8 62. b7 Rb8 63. Rb5 Kc6 64. Rxd5 Bc7 65. Rb5 Rxb7 66. Rxb7 Kxb7 67. d5 Ba5 68. e4 h5 69. Kc2 Bxc3 70. Kxc3 g4 71. Kxc4 h4 72. Kd3 h3 73. gxh3 gxh3 74. Ke2 h2 0-1


[Site "https://www.chess.com"]

[Event "Titled Tuesday Blitz October 11 Late 2022"]
[White "Bilych, Olexiy"]
[Black "Tomaszewski, Kacper"]
[WhiteFideId "14156504"]
[BlackFideId "1127373"]
[WhiteElo "2320"]
[BlackElo "2211"]
[Result "1-0"]
[Round "05"]
[TimeControl "180+1"]
[Date "2022.10.11"]
[WhiteClock "0:01:43"]
[BlackClock "0:01:01"]

1. e4 c6 2. d4 d5 3. e5 Bf5 4. h4 a6 5. Bd3 Bxd3 6. Qxd3 e6 7. Nf3 c5 8. dxc5 Bxc5 9. O-O Ne7 10. c4 Nbc6 11. Nc3 Nb4 12. Qe2 dxc4 13. Qxc4 Rc8 14. Qg4 Nf5 15. Bg5 Be7 16. Rad1 Qc7 17. Bxe7 Qxe7 18. Ne4 Kf8 19. Nd6 1-0


[Site "https://www.chess.com"]

[Event "Titled Tuesday Blitz October 11 Late 2022"]
[White "Bjelobrk, Igor"]
[Black "Meduri, Aakaash"]
[WhiteFideId "4300726"]
[BlackFideId "2032252"]
[WhiteElo "2335"]
[BlackElo "2113"]
[Result "1-0"]
[Round "05"]
[TimeControl "180+1"]
[Date "2022.10.12"]
[WhiteClock "0:00:04"]
[BlackClock "0:00:06"]

1. Nf3 d5 2. g3 Nc6 3. d4 Bf5 4. Bg2 Nb4 5. Na3 e6 6. O-O Be7 7. Ne5 a5 8. c3 Na6 9. Qb3 Rb8 10. Qb5+ c6 11. Nxc6 bxc6 12. Qxa6 Nf6 13. Qxc6+ Nd7 14. Qa4 O-O 15. Qd1 Qc8 16. Nc2 Nf6 17. Ne1 Qc4 18. Nd3 Rfc8 19. f3 h6 20. Re1 Bh7 21. Ne5 Qb5 22. a4 Qb6 23. e4 Rb7 24. Kh1 Bd6 25. Nd3 Be7 26. Bf4 Rc4 27. Re2 Qd8 28. Ne5 Rc8 29. Qc2 dxe4 30. fxe4 Nd5 31. Bd2 Bf6 32. Nf3 Nb6 33. Qd3 Nc4 34. Bc1 Qb6 35. Qd1 Qa6 36. e5 Be7 37. Ra2 Rd7 38. Nd2 Nb6 39. Ne4 Qc4 40. Ra1 Nd5 41. Qe1 Qb3 42. Bf3 Rb8 43. Kg2 Nb6 44. Rf2 Qc4 45. Qd1 Bf8 46. h4 Nd5 47. Bxh6 gxh6 48. Nf6+ Nxf6 49. exf6 Qc7 50. Qe2 Kh8 51. Be4 Bd6 52. Bxh7 Kxh7 53. Qe4+ Kh8 54. Qg4 Rg8 55. Qh5 Rxg3+ 56. Kf1 Rg6 57. Re1 Bg3 58. Rxe6 Bxf2 59. Re8+ Kh7 60. Qf3 Qh2 61. Qa8 Qg1+ 62. Ke2 Qe1+ 63. Kd3 Qf1+ 64. Kc2 Rxf6 65. Rh8+ Kg6 66. Qe4+ Kh5 67. Rg8 Bxh4 68. Qg4# 1-0


[Site "https://www.chess.com"]

[Event "Titled Tuesday Blitz October 11 Late 2022"]
[White "Bogaudinov, Rushan"]
[Black "P., Komal Kishore"]
[WhiteFideId "4129288"]
[BlackFideId "5016703"]
[WhiteElo "1945"]
[BlackElo "2117"]
[Result "1-0"]
[Round "05"]
[TimeControl "180+1"]
[Date "2022.10.12"]
[WhiteClock "0:00:20"]
[BlackClock "0:00:01"]

1. d4 d5 2. Nf3 Nf6 3. e3 Bg4 4. Be2 e6 5. c4 c6 6. Nc3 Nbd7 7. h3 Bh5 8. O-O Be7 9. b3 O-O 10. Bb2 Re8 11. Ne5 Bxe2 12. Qxe2 Nxe5 13. dxe5 Nd7 14. f4 dxc4 15. bxc4 Bb4 16. Ne4 a5 17. Rfd1 Qc7 18. a3 Bf8 19. Rab1 Red8 20. Bd4 b6 21. Rdc1 Bxa3 22. Rf1 Bf8 23. h4 Nc5 24. Bxc5 Bxc5 25. Kh2 Rdb8 26. h5 h6 27. g4 Be7 28. Rg1 f6 29. exf6 gxf6 30. Qc2 Kg7 31. Ng3 Rd8 32. Qg6+ Kf8 33. Qxh6+ Kf7 34. Qg6+ Kf8 35. h6 Rd2+ 36. Kh3 Bd6 37. Qxf6+ Kg8 38. Ne4 1-0


[Site "https://www.chess.com"]

[Event "Titled Tuesday Blitz October 11 Late 2022"]
[White "Bortnyk, Olexandr"]
[Black "Sanal, Vahap"]
[WhiteFideId "14120828"]
[BlackFideId "6300545"]
[WhiteElo "2723"]
[BlackElo "2574"]
[Result "0-1"]
[Round "05"]
[TimeControl "180+1"]
[Date "2022.10.11"]
[WhiteClock "0:00:01"]
[BlackClock "0:01:03"]

1. e4 d6 2. d4 Nf6 3. Nc3 e5 4. Nf3 Nbd7 5. Bc4 Be7 6. O-O O-O 7. a4 c6 8. Re1 h6 9. h3 Re8 10. Be3 exd4 11. Nxd4 Bf8 12. Bf4 Nc5 13. Qf3 Ne6 14. Bxe6 Bxe6 15. Rad1 Qa5 16. Bxh6 gxh6 17. Qxf6 Bg7 18. Qf4 Qb4 19. Rd3 Kf8 20. Red1 Rad8 21. Rf3 Bxd4 22. Qxh6+ Bg7 23. Qh4 Qxb2 24. Rdd3 Be5 25. g3 Qxc2 26. Qh7 Ke7 27. Kg2 Rh8 0-1


[Site "https://www.chess.com"]

[Event "Titled Tuesday Blitz October 11 Late 2022"]
[White "Boruchovsky, Avital"]
[Black "Aldokhin, Ivan"]
[WhiteFideId "2800055"]
[BlackFideId "24115720"]
[WhiteElo "2466"]
[BlackElo "2313"]
[Result "1-0"]
[Round "05"]
[TimeControl "180+1"]
[Date "2022.10.12"]
[WhiteClock "0:00:07"]
[BlackClock "0:00:04"]

1. c4 Nf6 2. Nc3 g6 3. e4 d6 4. d4 Bg7 5. Be2 O-O 6. h4 Nc6 7. h5 e5 8. d5 Nd4 9. h6 Bh8 10. Bg5 Qe8 11. Nf3 Nxe2 12. Qxe2 Nh5 13. Rxh5 gxh5 14. Nh4 f5 15. O-O-O f4 16. g3 fxg3 17. f3 Bf6 18. Bxf6 Rxf6 19. Rg1 Bd7 20. Rxg3+ Kh8 21. Nd1 Qf8 22. Rg7 Rf7 23. Rg6 Qe7 24. Qe1 Rg8 25. Rxg8+ Kxg8 26. Ne3 Qg5 27. Kc2 Rf4 28. Nef5 Bxf5 29. Nxf5 Rxf5 30. exf5 Qxf5+ 31. Kb3 Qxf3+ 32. Kb4 Qg4 33. Qe3 h4 34. Qf2 Qg6 35. Qxh4 Kf7 36. Qd8 Qxh6 37. Qxc7+ Kg8 38. Qb8+ Kf7 39. Qxb7+ Kf6 40. Qd7 Kg5 41. c5 dxc5+ 42. Kxc5 Kf4 43. d6 Ke4 44. Qc6+ Kf5 45. d7 Qf8+ 46. Qd6 Qd8 47. b4 h5 48. Kd5 h4 49. Qxe5+ Kg4 50. Qe8 Qg5+ 51. Kc6 Qc1+ 52. Kb7 Qh1+ 53. Kb8 Qh2+ 54. Kc8 Qd6 55. d8=Q Qxd8+ 56. Qxd8 h3 57. Qg8+ Kf3 58. Qh7 Kg2 59. Qxa7 1-0


[Site "https://www.chess.com"]

[Event "Titled Tuesday Blitz October 11 Late 2022"]
[White "Boyer, Mahel"]
[Black "Hirneise, Jens"]
[WhiteFideId "45102422"]
[BlackFideId "24614734"]
[WhiteElo "2454"]
[BlackElo "2344"]
[Result "1-0"]
[Round "05"]
[TimeControl "180+1"]
[Date "2022.10.12"]
[WhiteClock "0:00:50"]
[BlackClock "0:01:02"]

1. e4 c5 2. Nf3 Nc6 3. d4 cxd4 4. Nxd4 g6 5. Bc4 Bg7 6. Ne2 Nf6 7. Nbc3 O-O 8. O-O b6 9. a3 Bb7 10. Ba2 Rc8 11. f3 e6 12. Bg5 h6 13. Bh4 g5 14. Bg3 d5 15. exd5 Nxd5 16. Nxd5 exd5 17. c3 d4 18. cxd4 Nxd4 19. Nc3 Nf5 20. Bf2 Bd4 21. Qc2 Bxf2+ 22. Rxf2 Nd4 23. Qg6+ Kh8 24. Qxh6+ Kg8 25. Qg6+ Kh8 26. Bxf7 Rc6 27. Qh5+ Kg7 28. Bd5 Rh6 29. Qg4 Rh4 30. Qg3 Bxd5 31. Qe5+ Qf6 32. Qxf6+ Rxf6 33. Nxd5 Rd6 34. Ne3 Re6 35. Ng4 Rh8 36. Rd1 Rd8 37. Rfd2 Ne2+ 38. Kf2 Rxd2 39. Rxd2 Nf4 40. g3 Ng6 41. Rd7+ 1-0


[Site "https://www.chess.com"]